 Dungeon Crawl Stone Soup version 0.25-a0-253-g6f1b5d974a (webtiles) character file.

Game seed: 8954700205194417828, levelgen mode: deterministic

357540 night the Black Belt (level 21, -8/154 HPs)
             Began as a Demonspawn Venom Mage on Dec 4, 2019.
             Was a High Priest of Cheibriados.
             Killed from afar by a fire giant (19 damage)
             ... with a fireball
             ... on level 5 of the Vaults on Dec 5, 2019.
             The game lasted 05:37:37 (56742 turns).

night the Black Belt (Demonspawn Venom Mage)       Turns: 56742, Time: 05:37:40

Health: -8/154     AC: 36    Str: 26    XL:     21   Next: 42%
Magic:  0/40       EV: 14    Int: 37    God:    Cheibriados [*****.]
Gold:   3804       SH:  7    Dex: 27    Spells: 19/50 levels left

rFire    + . .     SeeInvis .     - Unarmed
rCold    + + .     Gourm    .   k - +1 buckler {AC+3}
rNeg     + . .     Faith    .   f - +0 gold dragon scales
rPois    +         Spirit   +   m - +0 hat {MR+}
rElec    .         Reflect  .   D - +1 cloak
rCorr    .         Harm     .   g - +1 pair of gloves of Saschiuble {Int+2}
MR       ++...                  (boots unavailable)
Stlth    ..........             o - amulet of regeneration
HPRegen  0.75/turn              N - +5 ring of protection
MPRegen  0.54/turn              h - +4 ring of evasion

@: about to teleport, very slightly contaminated, drained, very slow
A: hooves 3, icy blue scales 3, frail 1, negative energy resistance 1,
nightstalker 2, magic shield, magic regeneration, magic link
}: 2/15 runes: barnacled, gossamer
a: Bend Time, Temporal Distortion, Slouch, Step From Time, Renounce Religion


You were on level 5 of the Vaults.
You worshipped Cheibriados.
Cheibriados was extremely pleased with you.
You were not hungry.

You visited 6 branches of the dungeon, and saw 36 of its levels.

You collected 5477 gold pieces.
You spent 1673 gold pieces at shops.

Inventory:

Hand Weapons
 a - a +2 dagger of electrocution
Missiles
 l - 175 poisoned darts (quivered)
Armour
 f - +0 gold dragon scales (worn)
 g - the +1 pair of gloves of Saschiuble (worn) {Int+2}
   (You found it on level 8 of the Dungeon)

   It affects your intelligence (+2).
 k - a +1 buckler of protection (worn)
 m - a +0 hat of magic resistance (worn)
 D - a +1 cloak (worn)
 T - a +1 helmet of intelligence
Magical Staves
 F - an uncursed staff of poison
 H - an uncursed staff of power
 S - an uncursed staff of energy
 U - an uncursed staff of wizardry
Jewellery
 h - a +4 ring of evasion (right hand)
 j - an uncursed ring of protection from cold
 o - an amulet of regeneration (around neck)
 v - an uncursed ring of magical power
 x - an uncursed ring of resist corrosion
 A - an uncursed ring of see invisible
 B - an uncursed ring of wizardry
 C - an uncursed ring of magical power
 N - a +5 ring of protection (left hand)
Wands
 t - a wand of clouds (4)
 I - a wand of enslavement (32)
 O - a wand of paralysis (27)
 V - a wand of scattershot (3)
 W - a wand of disintegration (16)
 Y - a wand of digging (15)
Scrolls
 d - 19 scrolls of identify
 e - 6 scrolls of teleportation
 i - 4 scrolls of magic mapping
 n - 19 scrolls of remove curse
 s - 2 scrolls of silence
 u - 2 scrolls of fog
 G - a scroll of summoning
 J - 3 scrolls of blinking
 X - 4 scrolls of fear
Potions
 p - 5 potions of might
 r - 2 potions of heal wounds
 y - 2 potions of invisibility
 z - 3 potions of agility
 E - 4 potions of brilliance
 K - 4 potions of ambrosia
 L - 12 potions of curing
 M - 5 potions of flight
 P - 4 potions of magic
 Q - 3 potions of lignification
 Z - 3 potions of cancellation
Miscellaneous
 q - a phial of floods
 R - a crystal ball of energy
Comestibles
 c - 63 rations


   Skills:
 - Level 16.4(15.3) Fighting
 - Level 14.1(13.1) Armour
 - Level 7.2(6.3) Dodging
 - Level 1.7(1.0) Stealth
 - Level 4.1(3.3) Shields
 + Level 17.8(16.6) Unarmed Combat
 - Level 15.4(14.3) Spellcasting
 - Level 3.5(2.7) Conjurations
 - Level 5.9(5.0) Translocations
 + Level 9.2(8.3) Transmutations
 * Level 4.8(4.0) Earth Magic
 - Level 10.0(9.1) Poison Magic
 - Level 10.6(9.6) Invocations


You had 19 spell levels left.
You knew the following spells:

 Your Spells              Type           Power        Failure   Level  Hunger
a - Sting                 Tmut/Pois      ####         1%          1    None
b - Poisonous Vapours     Pois/Air       ######       10%         2    None
c - Mephitic Cloud        Conj/Pois/Air  ######..     26%         3    None
d - Ignite Poison         Fire/Tmut/Pois ######..     12%         3    None
e - Olgreb's Toxic Radia  Pois           #######.     10%         4    None
f - Lesser Beckoning      Tloc           ######....   16%         3    None
g - Blade Hands           Tmut           ######....   36%         5    None
i - Statue Form           Tmut/Erth      ######...    99%         6    #......
o - Ice Form              Ice/Tmut       ######..     61%         4    None

Your spell library contained the following spells:

 Spells                   Type           Power        Failure   Level  Hunger
 Beastly Appendage        Tmut           ######       1%          1    None
 Sticks to Snakes         Tmut           ######..     2%          2    None
 Spider Form              Tmut/Pois      ######....   3%          3    None
 Passwall                 Tmut/Erth      ######..     5%          2    None
 Sandblast                Erth           ######       9%          1    None
 Blink                    Tloc           N/A          9%          2    None
 Magic Dart               Conj           ####         14%         1    None
 Gell's Gravitas          Tloc           ######....   16%         3    None
 Teleport Other           Tloc           ######..     16%         3    None
 Searing Ray              Conj           #####.       22%         2    None
 Shroud of Golubria       Chrm/Tloc      #####.       22%         2    None
 Shock                    Conj/Air       ####         24%         1    None
 Stone Arrow              Conj/Erth      ######       32%         3    None
 Petrify                  Tmut/Erth      ######..     34%         4    None
 Animate Skeleton         Necr           N/A          41%         1    None
 Infusion                 Chrm           ####         41%         1    None
 Pain                     Necr           ####         41%         1    None
 Summon Butterflies       Summ           ####....     41%         1    None
 Portal Projectile        Hex/Tloc       #####.       41%         3    None
 Passage of Golubria      Tloc           N/A          47%         4    None
 Call Imp                 Summ           ####....     54%         2    None
 Slow                     Hex            ####....     54%         2    None
 Song of Slaying          Chrm           ####....     54%         2    None
 Swiftness                Chrm/Air       ####....     54%         2    None
 Conjure Flame            Conj/Fire      #####...     58%         3    None
 Dazzling Flash           Conj/Hex       #####.       58%         3    None
 Static Discharge         Conj/Air       #####...     58%         3    None
 Iskenderun's Mystic Bla  Conj/Tloc      ######..     65%         4    None
 Irradiate                Conj/Tmut      ######....   77%         5    None
 Call Canine Familiar     Summ           ####....     78%         3    None
 Regeneration             Chrm/Necr      ####......   78%         3    None
 Spectral Weapon          Hex/Chrm       ####....     78%         3    None
 Summon Guardian Golem    Hex/Summ       ####....     78%         3    None
 Vampiric Draining        Necr           ####......   78%         3    None
 Hydra Form               Tmut           ######....   91%         6    #......
 Lee's Rapid Deconstruct  Erth           ######....   92%         5    None
 Fulminant Prism          Conj/Hex       #####.....   94%         4    None
 Airstrike                Air            ####......   99%         4    None
 Animate Dead             Necr           N/A          99%         4    None
 Summon Ice Beast         Ice/Summ       ####....     99%         4    None
 Excruciating Wounds      Chrm/Necr      ####......   100%        5    None
 Lightning Bolt           Conj/Air       #####.....   100%        5    None
 Summon Mana Viper        Hex/Summ       ####....     100%        5    None
 Dragon Form              Tmut           ######....   100%        7    ####...
 Ring of Flames           Chrm/Fire      ####......   100%        7    ####...
 Summon Hydra             Summ           ####......   100%        7    ####...


Dungeon Overview and Level Annotations

Branches:
Dungeon (15/15)            Temple (0/1) D:7            Lair (6/6) D:10
 Shoals (4/4) Lair:2       Spider (4/4) Lair:3        Slime (0/5) Lair:5
    Orc (2/2) D:9             Elf (0/3) Orc:2        Vaults (5/5) D:14
  Crypt (0/3) Vaults:2     Depths (0/5) D:15

Altars:
Ashenzari
Cheibriados
Elyvilon
Fedhas
Kikubaaqudgha
Makhleb
Nemelex Xobeh
Qazlal
Ru
Wu Jian
Xom
Yredelemnul
Beogh

Shops:
D:8 !   Orc:2 *!(:   Vaults:1 ?   Vaults:2 *![:

Portals:
Pandemonium: Orc:2

Annotations:
D:4 1 runed translucent door, Borgoz's ghost, amateur GrFi
D:13 3 runed translucent doors, Kifairre's ghost, journeyman OgGl
Lair:1 exclusion: hydra
Lair:2 2 transporters, 1 exclusion, Uruugh's ghost, journeyman TrMo
Lair:6 2 transporters, Lycwej's ghost, journeyman NaWn
Orc:2 2 transporters, Tiamon's ghost, journeyman HOMo
Vaults:1 1 runed translucent door, Wakhat's ghost, adept MiFi
Vaults:3 3 runed translucent doors, Jiem's ghost, veteran DsFi
Vaults:5 Boris


Innate Abilities, Weirdness & Mutations

You have hooves in place of feet.
You are completely covered in icy blue scales. (AC +4, rC+)
You resist negative energy. (rN+)
You are significantly more attuned to the shadows.
When hurt, damage is shared between your health and your magic reserves.
You regenerate magic rapidly.
When low on magic, you restore magic in place of health.
You are frail. (-10% HP)


Message History

The shadow dragon claws you!
* * * LOW HITPOINT WARNING * * *
The shadow dragon claws you but does no damage.
The ettin hits you with a +0 dire flail!
* * * LOW HITPOINT WARNING * * *
You block the ettin's attack. The shadow dragon misses you.
The shadow dragon claws you but does no damage.
The shadow dragon closely misses you.
The ettin hits you with a +0 dire flail.
* * * LOW HITPOINT WARNING * * *
The ettin barely misses you.
Blink to where?
Press: ? - help, Dir - move target cursor You are very lightly contaminated with residual magic.
As you read the scroll of blinking, it crumbles to dust.
A fire giant comes into view.
It is wielding a +1 great sword of flaming.
The fire giant shouts!
You hear a shout! x2
The fire giant points at you and mumbles some strange words.
The fireball explodes!
The fireball engulfs you!! You resist.
You die...

,*,*,*,*,*,*,#.#.......).).....,,
*************##.#....p...########
,,,,,,,,,,,,,........[C).........
,,,,,,,,,,,,,......[DCC..........
,,,,,,,,,,,,,.....)C[)D..........
,,,,,,,,,,,,,.....[.<<.[.........
*************####...[[[[..#######
,,,,,,,,,,,,,,###........./....##
***,,,,,,,,***#.@....[....####..#
,,,,,,,,***#......#....#..#.)##..
,,,,,****,,.......#....#..#...##.
,,****,,,,,.......#....#..##...##
***,,,,,,,,####...#,,,,#..,###..#
,,,,,,,,****,,..C.#,,,,***,,,##..
,,,,,****,,,,,,,,,*,,,,*,***,,##)
,,****,,,,,,,,*****,,,,*,,,**,,##
***,,,,,,,,****,,,*,,,,*,,,,**,,#


You could see a shadow dragon, a fire giant and 2 ettins.

Vanquished Creatures
  Saint Roka (Vaults:4)
  Nikola (Spider:2)
  2 golden dragons
  Arachne (Spider:1)
  A tentacled monstrosity (Vaults:5)
  A titan (Vaults:3)
  A quicksilver dragon (Vaults:5)
  Polyphemus (Shoals:4)
  Frances (D:14)
  Gastronok (Lair:2)
  2 shadow dragons
  2 tengu reavers (Vaults:5)
  Donald (Orc:2)
  A storm dragon (Vaults:1)
  2 fire giants
  Roxanne (Spider:2)
  2 frost giants
  4 ghost moths (Spider:4)
  6 vault wardens
  A deep elf sorcerer (Vaults:1)
  3 orc warlords
  Aizul (Spider:1)
  4 emperor scorpions
  Louise (Shoals:4)
  A ghoul (Vaults:1)
  6 stone giants
  5 entropy weavers
  11 ironheart preservers
  4 very ugly things
  A vampire knight (Vaults:1)
  A dire elephant (Lair:6)
  A deep elf demonologist (Vaults:1)
  2 spark wasps (Spider:4)
  2 deep elf annihilators (Vaults:1)
  2 deep elf death magi (Vaults:1)
  3 merfolk javelineers (Shoals:4)
  11 merfolk impalers
  Josephine (Lair:4)
  4 fire dragons
  4 ettins
  Harold (D:7)
  11 yaktaur captains
  35 vault guards
  A rakshasa (Vaults:2)
  2 great orbs of eyes
  6 hydras
  An ice dragon (D:15)
  A deep elf high priest (Vaults:5)
  8 centaur warriors
  3 catoblepae
  An alligator snapping turtle (Shoals:4)
  5 merfolk avatars
  24 two-headed ogres
  4 merfolk aquamancers
  9 ogre magi
  13 death yaks
  A queen ant (Lair:3)
  A death knight (Vaults:1)
  2 tengu warriors
  A vampire mage (Vaults:2)
  4 satyrs
  A dancing weapon (Vaults:1)
  Urug (Lair:4)
  8 orc high priests
  A deep troll earth mage (Vaults:1)
  A deep elf knight (D:14)
  3 skeletal warriors (Vaults:1)
  2 shadow wraiths
  A sun demon (Orc:2)
  2 fire crabs
  An unseen horror (D:10)
  A sixfirhy (Orc:2)
  A flayed ghost (Vaults:3)
  2 glowing orange brains
  13 deep trolls
  3 wizards
  15 sea snakes
  2 infernal demonspawn (Orc:2)
  2 phantasmal warriors
  A deep elf archer (D:14)
  3 lindwurms (Lair:6)
  A kraken simulacrum (Shoals:4)
  A necromancer (Vaults:3)
  A wolf spider zombie (D:15)
  23 orc knights
  15 ironbrand convokers
  Pikel (D:5)
  5 harpies (Shoals:4)
  34 ugly things
  19 orb spiders
  8 deep elf magi
  A salamander (shapeshifter) (Vaults:3)
  14 orc sorcerers
  30 wolf spiders
  An orb spider (shapeshifter) (Vaults:2)
  7 cyclopes
  6 fauns
  18 manticores
  Joseph (D:8)
  8 merfolk sirens
  3 water nymphs
  11 elephants
  13 vault sentinels
  2 orange demons (Orc:2)
  A torpor snail (shapeshifter) (D:14)
  5 torpor snails
  11 black mambas
  14 spiny frogs
  A spiny frog (shapeshifter) (Vaults:1)
  2 centaur skeletons
  3 gargoyles
  53 yaktaurs
  7 komodo dragons
  4 rime drakes
  5 freezing wraiths
  18 demonic crawlers
  A hellwing (Orc:2)
  An efreet (D:14)
  A jumping spider (shapeshifter) (Vaults:2)
  14 trolls
  27 jumping spiders
  25 merfolk
  Grinder (D:3)
  13 polar bears
  A red devil (Orc:2)
  A meliai (shapeshifter) (Vaults:3)
  11 hornets
  3 wind drakes
  4 raiju (Lair:6)
  7 slime creatures
  A dream sheep (shapeshifter) (Vaults:1)
  6 dream sheep
  16 hippogriffs
  A raiju (shapeshifter) (Vaults:1)
  18 blink frogs
  10 snapping turtles
  Sigmund (D:3)
  A ynoxinul (Orc:2)
  27 tarantellas
  83 redbacks
  4 vampires
  9 wraiths
  5 basilisks
  3 wyverns
  7 water elementals
  4 shadows
  33 yaks
  10 vampire mosquitoes
  3 hungry ghosts
  A yaktaur simulacrum (Vaults:2)
  17 wargs
  8 water moccasins
  13 hell hounds (Lair:6)
  3 acid dragons
  7 soldier ants (Lair:3)
  7 porcupines
  Duvessa (D:6)
  A slave (D:5)
  An eye of draining (D:12)
  68 orc warriors
  3 ice beasts
  2 sky beasts
  13 black bears
  28 ogres
  3 phantoms
  A necrophage (D:14)
  3 boggarts (Vaults:2)
  18 centaurs
  10 crocodiles
  24 wolves
  18 bullfrogs
  5 big kobolds
  A gnoll sergeant (D:12)
  A wyvern skeleton (D:13)
  3 scorpions
  Dowan (D:6)
  10 killer bees
  4 howler monkeys
  9 wights
  3 crimson imps
  3 bullfrog zombies
  A quasit (D:8)
  4 hounds
  2 centaur zombies
  Crazy Yiuf (D:5)
  38 orc priests
  6 jellies
  3 bullfrog skeletons
  28 orc wizards
  27 worker ants
  10 gnolls
  18 adders
  A shadow imp (D:7)
  An ooze (D:2)
  An adder skeleton (D:7)
  3 worms
  3 dart slugs
  4 leopard geckos
  115 orcs
  7 giant cockroaches
  4 goblins
  3 hobgoblins
  16 jackals
  2 quokkas
  6 bats
  4 frilled lizards
  26 kobolds
  12 rats
  A butterfly (Lair:4)
  3 fungi
  A tentacle (Shoals:4)
1639 creatures vanquished.

Vanquished Creatures (collateral kills)
  A spiny frog (Lair:6)
  A crimson imp (D:9)
2 creatures vanquished.

Vanquished Creatures (others)
  An ogre (D:7)
  An electric eel (D:11)
  An orc wizard (Vaults:1)
  A bush (Lair:2)
  22 fungi
  72 plants
  3 tentacles (Shoals:4)
101 creatures vanquished.

Grand Total: 1742 creatures vanquished

Notes
Turn   | Place    | Note
-------+----------+-------------------------------------------
     0 | D:1      | night the Demonspawn Venom Mage began the quest for the
                  | Orb.
     0 | D:1      | Reached XP level 1. HP: 13/13 MP: 3/3
   472 | D:1      | Gained mutation: You are partially covered in icy blue
                  | scales. (AC +2) [demonic ancestry]
   472 | D:1      | Reached XP level 2. HP: 19/19 MP: 3/5
  1009 | D:1      | Reached XP level 3. HP: 19/24 MP: 0/7
  1173 | D:2      | Found a sparkling altar of Nemelex Xobeh.
  1243 | D:2      | Learned a level 3 spell: Mephitic Cloud
  1247 | D:2      | Learned a level 3 spell: Ignite Poison
  1837 | D:2      | Reached XP level 4. HP: 28/30 MP: 8/8
  1870 | D:2      | Learned a level 2 spell: Poisonous Vapours
  2021 | D:2      | Found a burning altar of Makhleb.
  2265 | D:3      | Noticed Sigmund
  2284 | D:3      | Killed Sigmund
  2284 | D:3      | Reached skill level 5 in Poison Magic
  2284 | D:3      | Reached XP level 5. HP: 14/35 MP: 0/11
  2284 | D:3      | Reached XP level 6. HP: 16/41 MP: 0/12
  2459 | D:3      | Learned a level 4 spell: Olgreb's Toxic Radiance
  2583 | D:3      | Found a blossoming altar of Fedhas.
  2767 | D:3      | Noticed Grinder
  2782 | D:3      | Killed Grinder
  2782 | D:3      | Reached skill level 5 in Spellcasting
  2782 | D:3      | Reached XP level 7. HP: 21/46 MP: 6/14
  2946 | D:3      | Found a blossoming altar of Fedhas.
  3053 | D:3      | Found an ornate altar of the Wu Jian Council.
  4196 | D:4      | Found a runed translucent door.
  4217 | D:4      | Found a sacrificial altar of Ru.
  4218 | D:4      | Found a white marble altar of Elyvilon.
  4247 | D:4      | Found a stormy altar of Qazlal.
  4602 | D:4      | Noticed Borgoz's ghost (amateur GrFi)
  4918 | D:5      | Entered Level 5 of the Dungeon
  5622 | D:5      | Noticed Pikel
  5634 | D:5      | Killed Pikel
  5634 | D:5      | Gained mutation: You have large cloven feet. [demonic
                  | ancestry]
  5634 | D:5      | Reached XP level 8. HP: 52/52 MP: 15/18
  5680 | D:5      | Found a snail-covered altar of Cheibriados.
  5717 | D:5      | Became a worshipper of Cheibriados the Contemplative
  5881 | D:5      | Found a runed translucent door.
  5882 | D:5      | Noticed Crazy Yiuf
  5892 | D:5      | Killed Crazy Yiuf
  5943 | D:6      | Found a basalt altar of Yredelemnul.
  5993 | D:6      | Reached * piety under Cheibriados
  6353 | D:6      | Noticed Dowan
  6361 | D:6      | Gained mutation: You have hoof-like feet. [demonic
                  | ancestry]
  6361 | D:6      | Reached XP level 9. HP: 35/57 MP: 20/20
  6365 | D:6      | Killed Dowan
  6367 | D:6      | Noticed Duvessa
  6375 | D:6      | Killed Duvessa
  6761 | D:7      | Noticed Harold
  6778 | D:7      | Killed Harold
  6778 | D:7      | Reached skill level 10 in Poison Magic
  6948 | D:7      | Found a staircase to the Ecumenical Temple.
  6991 | D:7      | Found a shattered altar of Ashenzari.
  7047 | D:7      | Reached ** piety under Cheibriados
  7054 | D:7      | Reached skill level 1 in Fighting
  7378 | D:7      | Found an ancient bone altar of Kikubaaqudgha.
  7456 | D:7      | Gained mutation: You are slightly more attuned to the
                  | shadows. [demonic ancestry]
  7456 | D:7      | Reached XP level 10. HP: 66/68 MP: 23/23
  8201 | D:8      | Reached *** piety under Cheibriados
  8314 | D:8      | Reached skill level 1 in Armour
  8510 | D:8      | Noticed Joseph
  8523 | D:8      | Killed Joseph
  8720 | D:8      | Found Cesoiryrph's Distillery.
  8727 | D:8      | Bought a potion of heal wounds for 70 gold pieces
  8727 | D:8      | Bought 2 potions of curing for 84 gold pieces
  8727 | D:8      | Bought 2 potions of magic for 224 gold pieces
  8757 | D:8      | Got a pair of encrusted gloves
  8768 | D:8      | Identified the +1 pair of gloves of Saschiuble {Int+2} (You
                  | found it on level 8 of the Dungeon)
  8782 | D:8      | Found a shimmering altar of Xom.
  8805 | D:8      | Got a scorched plate armour
  8816 | D:8      | Identified the cursed +1 plate armour of the Pits of Slime
                  | {-Tele Regen+ Int+8 Stlth+} (You found it on level 8 of the
                  | Dungeon)
  9129 | D:9      | Reached skill level 1 in Invocations
  9687 | D:9      | Found a staircase to the Orcish Mines.
  9780 | D:10     | Entered Level 10 of the Dungeon
  9786 | D:10     | Noticed a brown ugly thing
  9801 | D:10     | Killed a brown ugly thing
  9801 | D:10     | Reached skill level 10 in Spellcasting
 10398 | D:9      | Reached **** piety under Cheibriados
 10946 | D:10     | You fall into a shaft and drop 3 floors!
 10963 | D:13     | Reached skill level 5 in Fighting
 10963 | D:13     | Reached skill level 5 in Dodging
 11144 | D:12     | Noticed a two-headed ogre
 11151 | D:12     | Killed a two-headed ogre
 11151 | D:12     | Gained mutation: When hurt, damage is shared between your
                  | health and your magic reserves. [demonic ancestry]
 11151 | D:12     | Reached XP level 11. HP: 5/79 MP: 25/25
 11518 | D:12     | Noticed a tengu warrior
 11649 | D:13     | Found an opulent altar of Gozag.
 11650 | D:13     | Found a runed translucent gate.
 11650 | D:13     | Found a runed translucent gate.
 11650 | D:13     | Found a runed translucent gate.
 11651 | D:13     | Noticed Kifairre's ghost (journeyman OgGl)
 11653 | D:13     | Noticed a fire dragon
 11657 | D:13     | Noticed a lindwurm
 11657 | D:13     | an eye of devastation changed into a lindwurm
 11771 | D:13     | Noticed a green ugly thing
 11797 | D:13     | Noticed a centaur warrior
 11840 | D:13     | Killed a centaur warrior
 11840 | D:13     | Reached skill level 5 in Invocations
 12091 | D:12     | Noticed a five-headed hydra
 12146 | D:12     | Noticed a white ugly thing
 12150 | D:12     | Learned a level 4 spell: Ice Form
 12152 | D:12     | Noticed a tengu warrior
 12158 | D:12     | Noticed a two-headed ogre
 12185 | D:11     | Killed a tengu warrior
 12382 | D:11     | Noticed a brown ugly thing
 12414 | D:10     | Found a staircase to the Lair.
 12417 | D:10     | Noticed an unseen horror
 12422 | D:10     | Killed an unseen horror
 12688 | D:10     | Learned a level 5 spell: Blade Hands
 12762 | Lair:1   | Entered Level 1 of the Lair of Beasts
 12917 | Lair:1   | Reached skill level 1 in Transmutations
 13092 | Lair:1   | Noticed a seven-headed hydra
 13347 | Lair:1   | You fall into a shaft and drop 1 floor!
 13348 | Lair:2   | Noticed Gastronok
 13844 | Lair:2   | Reached XP level 12. HP: 49/91 MP: 17/27
 14164 | Lair:2   | Found a transporter.
 14167 | Lair:2   | Noticed Uruugh's ghost (journeyman TrMo)
 14168 | Lair:2   | Found a transporter.
 14505 | Lair:2   | Noticed an eight-headed hydra
 14771 | Lair:2   | Reached skill level 1 in Unarmed Combat
 14772 | Lair:2   | Found a staircase to the Shoals.
 14894 | Lair:2   | Killed Gastronok
 14894 | Lair:2   | Reached skill level 2 in Unarmed Combat
 15249 | Lair:1   | You fall into a shaft and drop 1 floor!
 15860 | Lair:3   | Reached skill level 3 in Unarmed Combat
 16001 | Lair:3   | Reached ***** piety under Cheibriados
 16025 | Lair:3   | Reached skill level 5 in Transmutations
 16090 | Lair:3   | Noticed a death yak
 16090 | Lair:3   | Noticed a death yak
 16108 | Lair:3   | Noticed a death yak
 16109 | Lair:3   | Noticed a death yak
 16113 | Lair:3   | Noticed a death yak
 16407 | Lair:3   | Noticed a catoblepas
 16428 | Lair:3   | Killed a catoblepas
 17172 | Lair:3   | Found a hole to the Spider Nest.
 17180 | Lair:3   | Reached skill level 4 in Unarmed Combat
 17213 | Lair:3   | Noticed a four-headed hydra
 17276 | Lair:4   | Noticed Urug
 17285 | Lair:4   | Noticed a six-headed hydra
 17289 | Lair:4   | Killed Urug
 17291 | Lair:4   | Killed a six-headed hydra
 17621 | Lair:4   | Noticed an eight-headed hydra
 18147 | Lair:4   | Noticed Josephine
 18163 | Lair:4   | Killed Josephine
 18163 | Lair:4   | Reached XP level 13. HP: 21/101 MP: 3/29
 18767 | Lair:4   | Reached skill level 5 in Unarmed Combat
 19660 | Lair:5   | Found a staircase to the Slime Pits.
 20584 | Lair:5   | Reached skill level 6 in Unarmed Combat
 20744 | Lair:5   | Reached skill level 10 in Fighting
 21505 | Lair:6   | Entered Level 6 of the Lair of Beasts
 21820 | Lair:6   | Found a transporter.
 21825 | Lair:6   | Found a transporter.
 21828 | Lair:6   | Identified the +7 demon trident of the Black Skies {vamp,
                  | *Slow +Fly rPois Str+4}
 21829 | Lair:6   | Noticed Lycwej's ghost (journeyman NaWn)
 22582 | Lair:6   | Gained mutation: You regenerate magic rapidly. [demonic
                  | ancestry]
 22582 | Lair:6   | Reached XP level 14. HP: 92/111 MP: 30/30
 22706 | Lair:6   | Reached skill level 7 in Unarmed Combat
 23555 | Lair:6   | Reached ****** piety under Cheibriados
 24502 | Lair:6   | Reached skill level 5 in Armour
 25649 | Lair:6   | Reached skill level 8 in Unarmed Combat
 27323 | D:11     | Gained mutation: You are significantly more attuned to the
                  | shadows. [demonic ancestry]
 27323 | D:11     | Reached XP level 15. HP: 114/119 MP: 32/32
 27771 | D:12     | Reached skill level 1 in Shields
 29782 | D:14     | Found a gate to the Vaults.
 29892 | D:14     | You fall into a shaft and drop 1 floor!
 29892 | D:15     | Entered Level 15 of the Dungeon
 29957 | D:14     | Noticed Frances
 29969 | D:14     | Killed Frances
 30592 | D:14     | Found an ornate altar of the Wu Jian Council.
 30864 | D:15     | Reached skill level 9 in Unarmed Combat
 31479 | D:15     | Found a staircase to the Depths.
 31848 | D:15     | Identified a scroll of acquirement
 32193 | Orc:1    | Entered Level 1 of the Orcish Mines
 32357 | Orc:1    | Noticed an orc warlord
 32366 | Orc:1    | Killed an orc warlord
 32366 | Orc:1    | Reached skill level 10 in Unarmed Combat
 32379 | Orc:1    | Noticed an orc warlord
 32384 | Orc:1    | Gained mutation: You are mostly covered in icy blue scales.
                  | (AC +3) [demonic ancestry]
 32384 | Orc:1    | Reached XP level 16. HP: 70/127 MP: 18/33
 32711 | Orc:1    | Found a roughly hewn altar of Beogh.
 33381 | Orc:1    | Got a polished leather armour
 33392 | Orc:1    | Identified the +3 leather armour "Atyesuf" {Str+6 Int+2
                  | Dex+3} (You found it on level 1 of the Orcish Mines)
 33628 | Orc:2    | Entered Level 2 of the Orcish Mines
 33656 | Orc:2    | Found a transporter.
 33689 | Orc:2    | Found a transporter.
 33689 | Orc:2    | Noticed Tiamon's ghost (journeyman HOMo)
 33854 | Orc:2    | Noticed Donald
 33865 | Orc:2    | Killed Donald
 34235 | Orc:2    | Gained mutation: You are frail. (-10% HP) [a neqoxec]
 34360 | Orc:2    | Found Hehinide's Distillery.
 34606 | Orc:2    | Found Urphotwong's General Store.
 34772 | Orc:2    | Reached skill level 11 in Unarmed Combat
 34806 | Orc:2    | Reached skill level 10 in Armour
 35125 | Orc:2    | Found Pikainimei's Antique Weapon Boutique.
 35125 | Orc:2    | Found a one-way gate leading to the halls of Pandemonium.
 35125 | Orc:2    | Found Axkablo's Book Shop.
 35169 | Orc:2    | Found a staircase to the Elven Halls.
 35485 | Orc:2    | Bought a book of Spatial Translocations for 975 gold pieces
 35489 | Orc:2    | Learned a level 3 spell: Lesser Beckoning
 35749 | Spider:1 | Entered Level 1 of the Spider Nest
 36846 | Spider:2 | Noticed Arachne
 36908 | Spider:2 | Noticed Aizul
 36921 | Spider:1 | Reached skill level 12 in Unarmed Combat
 37072 | Spider:2 | Noticed Nikola
 37082 | Spider:2 | Killed Nikola
 37487 | Spider:2 | Gained mutation: When low on magic, you restore magic in
                  | place of health. [demonic ancestry]
 37487 | Spider:2 | Reached XP level 17. HP: 106/123 MP: 34/34
 37581 | Spider:1 | Killed Aizul
 38131 | Spider:1 | Killed Arachne
 38477 | Spider:1 | HP: 6/123 [poisoned by an emperor scorpion]
 38482 | Spider:1 | HP: 6/123 [poisoned by an emperor scorpion]
 38489 | Spider:1 | HP: 6/123 [poisoned by an emperor scorpion]
 39192 | Spider:2 | Noticed Roxanne
 39219 | Spider:2 | Killed Roxanne
 40951 | Spider:3 | Reached skill level 13 in Unarmed Combat
 41254 | Spider:4 | Entered Level 4 of the Spider Nest
 41974 | Spider:4 | Reached skill level 10 in Invocations
 43015 | Spider:4 | Got a gossamer rune of Zot
 43276 | Shoals:1 | Entered Level 1 of the Shoals
 43450 | Shoals:1 | Reached skill level 1 in Translocations
 43837 | Shoals:1 | Reached XP level 18. HP: 75/131 MP: 26/35
 44033 | Shoals:1 | You fall into a shaft and drop 1 floor!
 44372 | Shoals:2 | Reached skill level 5 in Translocations
 45694 | Shoals:4 | Entered Level 4 of the Shoals
 45699 | Shoals:3 | Identified the Tome of Enchantment and Enhancements (You
                  | acquired it on level 3 of the Shoals)
 45821 | Shoals:4 | Reached skill level 14 in Unarmed Combat
 46461 | Shoals:4 | Noticed Louise
 46650 | Shoals:4 | Killed Louise
 46925 | Shoals:4 | Got a barnacled rune of Zot
 47540 | Shoals:4 | Noticed Polyphemus
 47554 | Shoals:4 | Killed Polyphemus
 48070 | Vaults:1 | Entered Level 1 of the Vaults
 48386 | Vaults:1 | Gained mutation: You are completely covered in icy blue
                  | scales. (AC +4, rC+) [demonic ancestry]
 48386 | Vaults:1 | Reached XP level 19. HP: 113/138 MP: 35/37
 48391 | Vaults:1 | Reached skill level 15 in Unarmed Combat
 48569 | Vaults:1 | HP: 1/138 [something (6)]
 48844 | Vaults:1 | Reached skill level 15 in Fighting
 49150 | Vaults:1 | Found a runed translucent door.
 49151 | Vaults:1 | Noticed Wakhat's ghost (adept MiFi)
 50549 | Vaults:1 | Found Hurocvorch's Magic Scroll Emporium.
 50709 | Vaults:2 | Reached skill level 16 in Unarmed Combat
 50851 | Vaults:2 | Found Epeoklug's General Store.
 51165 | Vaults:2 | Gained mutation: You have hooves in place of feet. [demonic
                  | ancestry]
 51165 | Vaults:2 | Reached XP level 20. HP: 142/146 MP: 34/38
 51235 | Vaults:2 | Reached skill level 15 in Spellcasting
 51367 | Vaults:2 | Paralysed by a great orb of eyes for 2 turns
 51515 | Vaults:2 | Found Wirhis's Armour Shoppe.
 51560 | Vaults:2 | Found Bois's Distillery.
 51570 | Vaults:2 | Bought 2 potions of magic for 320 gold pieces
 51633 | Vaults:2 | Found Fiaxzad's Book Emporium.
 51976 | Vaults:2 | Found a staircase to the Crypt.
 52374 | Vaults:2 | Upgraded the game from 0.25-a0-251-g572059c536 to
                  | 0.25-a0-253-g6f1b5d974a
 52490 | Vaults:3 | Found a runed translucent gate.
 52491 | Vaults:3 | Found a runed translucent gate.
 52491 | Vaults:3 | Found a runed translucent gate.
 52493 | Vaults:3 | Noticed Jiem's ghost (veteran DsFi)
 52966 | Vaults:3 | Identified the +3 quarterstaff "Doqaaly" {freeze, *Noise
                  | rC+ Int+2}
 53653 | Vaults:4 | Reached skill level 17 in Unarmed Combat
 53787 | Vaults:4 | Reached skill level 1 in Conjurations
 54094 | Vaults:4 | Noticed Saint Roka
 54111 | Vaults:4 | Killed Saint Roka
 55371 | Vaults:4 | Got a heavily runed leather armour
 55382 | Vaults:4 | Identified the cursed +0 leather armour of Inference {rPois
                  | Str+2} (You found it on level 4 of the Vaults)
 55430 | Vaults:5 | Entered Level 5 of the Vaults
 55430 | Vaults:5 | Noticed a golden dragon
 55434 | Vaults:5 | Gained mutation: You resist negative energy. (rN+) [demonic
                  | ancestry]
 55434 | Vaults:5 | Reached XP level 21. HP: 154/154 MP: 39/40
 55446 | Vaults:4 | Killed a golden dragon
 55637 | Vaults:4 | Learned a level 6 spell: Statue Form
 55765 | Vaults:5 | Reached skill level 1 in Earth Magic
 55834 | Vaults:5 | Got a translucent dagger
 55835 | Vaults:5 | Identified the +1 dagger of Jedoj {flame, Fragile rC+++
                  | Dex+4} (You found it on level 5 of the Vaults)
 55862 | Vaults:5 | Noticed Boris
 56246 | Vaults:5 | Identified the cursed +0 robe of Elyvilon's Benevolence
                  | {rF+ rN+ Dex+3}
 56262 | Vaults:5 | Identified the +5 dagger of Grandeur {antimagic, MR+}
 56262 | Vaults:5 | Identified the ring of the Gastropod {rElec EV+3}
 56329 | Vaults:5 | Noticed a golden dragon
 56337 | Vaults:5 | Killed a golden dragon
 56742 | Vaults:5 | Killed from afar by a fire giant

Levels and vault maps discovered:
D:1:      psy_arrival_dodecagon, layout_rooms, kennysheep_doodads,
          feat_on_display
D:2:      layout_loops_ring, marbit_many_paths,
          nemelex_xobeh_ov_fountains_minmay, minmay_cupped
D:3:      layout_loops_ring, overflow_temple_1_default,
          overflow_temple_1_default, fedhas_ov_isle_minmay, uniq_grinder,
          uniq_sigmund
D:4:      layout_basic, gammafunk_temple_overflow_forgotten,
          ebering_ghost_sewer_d, minmay_small_thing
D:5:      layout_cave_pools, cheibrodos_worm_habitat, first_ration,
          kennysheep_dice, uniq_crazy_yiuf_cottage, uniq_pikel
D:6:      layout_rooms, nicolae_overflow_crystal_walls, uniq_duvessa
D:7:      layout_cave_pools, ashenzari_altar_1, kennysheep_little_box,
          minmay_temple_entry_waves, grunt_ogre_cave, nicolae_sextant,
          uniq_harold
D:8:      layout_gridville, serial_shops, shop, xom_teletrap_fun, uniq_joseph
D:9:      layout_rooms, orc_0_dummy
D:10:     layout_rooms, lair_entry_dummy
D:11:     layout_small_grid, nrook_mini_backslash, nooodl_orcs_dogs
D:12:     layout_small_grid
D:13:     layout_basic, ebering_ghost_gozag
D:14:     layout_irregular_city, grunt_vaults_entry_fortified, basic_altar,
          kennysheep_generic_room_9, uniq_frances
D:15:     grunt_enter_depths_hoard, layout_cave_pods
Lair:1:   layout_hall_layers, chequers_serial_rivers_room_a
Lair:2:   layout_layer_cave, minmay_shoals_entry_beasts, gammafunk_ghost_arena,
          uniq_gastronok
Lair:3:   layout_hall_layers, nicolae_spider_entry_tight_spaces,
          wad_woods_road_06, zaba_antful_of_joy, infiniplex_staircase_pool_2
Lair:4:   minmay_lair_venomous_thicket, layout_hall_layers,
          gauntlet_entry_generic, serial_forest, infiniplex_forest_lined_1,
          infiniplex_forest_end_1, infiniplex_forest_clump_double,
          infiniplex_forest_clump_medium, infiniplex_forest_end_3,
          infiniplex_forest_clump_tiny, infiniplex_forest_end_2,
          infiniplex_forest_lined_2, minivault_24, serial_bayou_shore_b,
          lemuel_fruit_fields, uniq_urug, uniq_josephine
Lair:5:   layout_long_grid, minmay_slime_entry_pillars, portal_ice_cave_rime,
          lemuel_fruit_tree, grunt_megastairs_5
Lair:6:   hangedman_lair_caniforms_friends, layout_loops_ring,
          hangedman_lair_in_review, gammafunk_ghost_wrathful_warriors
Shoals:1: layout_shoals
Shoals:2: layout_shoals
Shoals:3: layout_shoals
Shoals:4: shoals_end_grunt_ice, layout_shoals, uniq_louise, uniq_polyphemus
Spider:1: layout_spider_delve, worms_lemuel
Spider:2: layout_spider_delve, uniq_arachne, uniq_roxanne, uniq_aizul,
          uniq_nikola
Spider:3: layout_spider_delve, hangedman_spider_tarantella_strand
Spider:4: johnstein_spider_rune_arachne_lair, nicolae_orb_stairs
Orc:1:    layout_caves, basic_altar, minmay_orc_treasury
Orc:2:    pf_orc_diabolical, layout_caves, gammafunk_ghost_arena, uniq_donald
Vaults:1: ebering_vaults_ghost_inner_flame, vaults_mumra_hexcomb,
          vaults_mumra_hex, hangedman_vaults_slice,
          nicolae_vaults_three_branches, st_greater_box_5, v_misc_5,
          vaults_room_grunt_arrival_ludios, layout_vaults_omnigrid,
          serial_shops, nicolae_shop_waterfront
Vaults:2: ontoclasm_vaults_loading_screen, hangedman_vaults_nails,
          nicolae_vaults_shelves_hall, nicolae_vaults_theta,
          nicolae_vaults_what_the_h, v_misc_2, v_alt_pattern_6,
          vaults_room_octagon, v_misc_29, vaults_room_fancy_cross,
          vaults_room_door_ring, v_pattern_2, ontoclasm_vaults_bender,
          vaults_room_hallway, vaults_room_pools, nicolae_vaults_asterisk,
          minmay_crypt_entry_vampire_xt, layout_vaults_omnibox, serial_shops,
          shop_coins, nicolae_shop_competitors_out_of_business, shop, shop
Vaults:3: biasface_vaults_ghost_orc_armoury, nicolae_vaults_murderbox,
          nicolae_vaults_network_square, v_misc_3, hangedman_vaults_stream,
          hangedman_vaults_maws, hangedman_vaults_restitches, v_rooms_3,
          nicolae_vaults_hallways_thing, grunt_vaults_focal,
          vaults_mumra_chevron, nicolae_vaults_circle_grid_b, layout_vaults_maze
Vaults:4: ontoclasm_vaults_gateway, v_misc_12, nicolae_vaults_network_periphery,
          nicolae_vaults_back_hallway, vaults_room_stairs_pillars,
          hangedman_vaults_trim, v_alt_pattern_1, v_misc_25,
          layout_vaults_chaotic_city, uniq_saint_roka
Vaults:5: uniq_boris

Skill      XL: |  1  2  3  4  5  6  7  8  9 10 11 12 13 14 15 16 17 18 19 20 21 |
---------------+----------------------------------------------------------------+-----
Spellcasting   | 3 4 5 6 7 9 10 11 12 13 14 15 | 15.4
Poison Magic   | 4 5 6 7 8 10 | 10.0
Dodging        | 3 5 7 |  7.2
Fighting       | 2 5 7 9 10 11 12 13 14 15 16 | 16.4
Armour         | 3 4 6 9 10 11 12 13 14 | 14.1
Invocations    | 4 5 8 10 | 10.6
Transmutations | 3 6 7 8 9 |  9.2
Unarmed Combat | 4 6 8 10 12 13 14 16 17 | 17.8
Shields        | 4 |  4.1
Translocations | 3 5 |  5.9
Conjurations   | 3 |  3.5
Earth Magic    | 4 |  4.8
Stealth        | |  1.7

Action                   |  1- 3 |  4- 6 |  7- 9 | 10-12 | 13-15 | 16-18 | 19-21 || total
-------------------------+-------+-------+-------+-------+-------+-------+-------++-------
Melee: Dagger            |   113 |    37 |    46 |   285 |   213 |     4 |       ||   698
       Unarmed           |     4 |       |       |    32 |   467 |  1042 |   817 ||  2362
       Broad axe         |       |       |    34 |       |       |       |       ||    34
       Whip              |       |       |    14 |       |       |       |       ||    14
       Kick              |       |       |    16 |   161 |   300 |       |   331 ||   808
       Punch             |       |       |       |     3 |    23 |    21 |    17 ||    64
       Staff             |       |       |       |       |       |     8 |       ||     8
 Fire: Shortbow          |       |       |       |       |     2 |       |       ||     2
       Hand crossbow     |       |       |       |       |     2 |       |       ||     2
Throw: Dart              |       |       |       |       |     3 |     4 |     2 ||     9
 Cast: Sting             |    53 |    17 |    71 |   179 |   362 |   264 |    43 ||   989
       Poisonous Vapours |       |     5 |    28 |    57 |    70 |   160 |    42 ||   362
       Ignite Poison     |       |     2 |     9 |    16 |    62 |   118 |    51 ||   258
       Olgreb's Toxic Ra |       |     1 |    27 |    49 |   122 |   162 |    79 ||   440
       Mephitic Cloud    |       |     1 |    15 |    24 |    18 |    25 |     6 ||    89
       Ice Form          |       |       |       |     4 |     2 |       |     1 ||     7
       Blade Hands       |       |       |       |     3 |    21 |    23 |    12 ||    59
       Lesser Beckoning  |       |       |       |       |       |    10 |     9 ||    19
       Statue Form       |       |       |       |       |       |       |     2 ||     2
Invok: Slouch            |       |       |       |     6 |     6 |     3 |     8 ||    23
       Bend Time         |       |       |       |     1 |     1 |       |     1 ||     3
       Step From Time    |       |       |       |     1 |       |     1 |     1 ||     3
       Temporal Distorti |       |       |       |       |       |     1 |       ||     1
 Abil: End Transformatio |       |       |       |       |       |       |     2 ||     2
Evoke: Wand              |       |       |     1 |     8 |     4 |     2 |       ||    15
       Sack of spiders   |       |       |       |     1 |     2 |       |       ||     3
  Use: Potion            |     2 |       |       |     6 |     6 |     1 |     2 ||    17
       Scroll            |       |       |    10 |    17 |     7 |    11 |    11 ||    56
 Stab: Sleeping          |     2 |     5 |     1 |     6 |     3 |       |       ||    17
       Confused          |       |       |     1 |     4 |     2 |     3 |     4 ||    14
       Distracted        |       |       |       |       |     2 |       |       ||     2
  Eat: Chunk             |     3 |     4 |     7 |    12 |    21 |    21 |    13 ||    81
       Ration            |       |       |     2 |     2 |     1 |     2 |     2 ||     9
Armor: Robe              |    59 |    13 |    32 |   120 |       |       |       ||   224
       Skin              |       |       |       |     3 |     2 |       |     5 ||    10
       Scale mail        |       |       |       |     5 |   277 |       |       ||   282
       Plate armour      |       |       |       |       |    95 |  1010 |   281 ||  1386
       Fire dragon scale |       |       |       |       |    32 |    28 |       ||    60
       Gold dragon scale |       |       |       |       |       |       |    37 ||    37
       Shadow dragon sca |       |       |       |       |       |       |    23 ||    23
Dodge: Dodged            |   100 |    37 |    95 |   437 |   846 |   997 |   467 ||  2979
Block: Buckler           |       |       |       |       |    88 |   449 |   229 ||   766

Table legend:
 A = Non-vault XP
 B = Vault XP
 C = Vault XP percentage of total XP
 D = Non-vault monster count
 E = Vault monster count
 F = Vault count percentage of total count
                 A         B        C        D         E       F
            +---------+---------+-------+---------+---------+-------
      Total |  313168 |  323183 |  50.8 |    1035 |     602 |  36.8
            +---------+---------+-------+---------+---------+-------
        D:1 |      43 |       0 |   0.0 |      18 |       0 |   0.0
        D:2 |     131 |       5 |   3.7 |      28 |       3 |   9.7
        D:3 |      78 |     526 |  87.1 |      16 |       2 |  11.1
        D:4 |     196 |      14 |   6.7 |       7 |       1 |  12.5
        D:5 |     266 |     698 |  72.4 |       8 |       5 |  38.5
        D:6 |     990 |     209 |  17.4 |      21 |       2 |   8.7
        D:7 |    1606 |    1145 |  41.6 |      29 |       2 |   6.5
        D:8 |    1045 |     475 |  31.2 |      19 |       1 |   5.0
        D:9 |    1707 |       0 |   0.0 |      22 |       0 |   0.0
       D:10 |    3017 |       0 |   0.0 |      26 |       0 |   0.0
       D:11 |    5923 |    1212 |  17.0 |      46 |      12 |  20.7
       D:12 |    6748 |       0 |   0.0 |      28 |       0 |   0.0
       D:13 |    5004 |       0 |   0.0 |      25 |       0 |   0.0
       D:14 |    7015 |   10344 |  59.6 |      30 |      11 |  26.8
       D:15 |   13140 |    2096 |  13.8 |      37 |       2 |   5.1
     Lair:1 |    4464 |       0 |   0.0 |      22 |       0 |   0.0
     Lair:2 |    3207 |    2994 |  48.3 |      12 |       3 |  20.0
     Lair:3 |   12242 |    4879 |  28.5 |      32 |      35 |  52.2
     Lair:4 |    6002 |    4478 |  42.7 |      14 |      18 |  56.2
     Lair:5 |   11608 |    1659 |  12.5 |      31 |       9 |  22.5
     Lair:6 |   10731 |   21115 |  66.3 |      36 |      77 |  68.1
   Shoals:1 |    9432 |       0 |   0.0 |      18 |       0 |   0.0
   Shoals:2 |   14399 |       0 |   0.0 |      33 |       0 |   0.0
   Shoals:3 |    8004 |       0 |   0.0 |      16 |       0 |   0.0
   Shoals:4 |   16943 |   30897 |  64.6 |      36 |      36 |  50.0
   Spider:1 |   19856 |    8832 |  30.8 |      58 |      12 |  17.1
   Spider:2 |   14057 |    6255 |  30.8 |      48 |       2 |   4.0
   Spider:3 |   14474 |     223 |   1.5 |      32 |       1 |   3.0
   Spider:4 |    6783 |   26851 |  79.8 |      21 |      44 |  67.7
      Orc:1 |    6876 |    9441 |  57.9 |      57 |      43 |  43.0
      Orc:2 |    1985 |   18500 |  90.3 |      29 |      61 |  67.8
   Vaults:1 |   37406 |   47881 |  56.1 |      59 |      66 |  52.8
   Vaults:2 |   26677 |   32603 |  55.0 |      53 |      62 |  53.9
   Vaults:3 |    7070 |   16943 |  70.6 |      10 |      23 |  69.7
   Vaults:4 |   26615 |   17999 |  40.3 |      47 |      26 |  35.6
   Vaults:5 |    7428 |   54909 |  88.1 |      11 |      43 |  79.6
            +---------+---------+-------+---------+---------+-------
